Map: 2000 Atmospheres LE

Players

MaxPax

  • Race: Protoss Protoss

Lambo - Winner!

  • Race: Zerg Zerg

Event: DreamHack SC2 Masters 2021 Winter

VOD

Have the link to the VOD?

Description

Time

  • Played on: Oct. 6, 2021, 2:10 p.m.
  • Length: 11:46

All games in this series

Show
View Real Time Build Order
Export as new Build Order

MaxPax Protoss 

Build Orders: 1 Gate Expand, Oracle Opening 

Get SALT Encoding   

  12  0:00  Probe  
  13  0:12  Probe  
  14  0:19  Pylon  
  14  0:24  Probe  
  15  0:37  Probe (Chrono Boost)  
  15  0:40  Gateway  
  16  0:48  Probe (Chrono Boost)  
  17  0:50  Assimilator  
  17  0:53  Probe (Chrono Boost)  
  18  1:03  Probe  
  19  1:15  Probe  
  20  1:27  Nexus  
  20  1:37  Cybernetics Core  
  20  1:41  Probe  
  20  1:46  Assimilator  
  21  1:53  Probe  
  22  1:56  Pylon  
  22  2:05  Probe (Chrono Boost)  
  23  2:14  Adept  
  25  2:17  Probe (Chrono Boost)  
  25  2:20  Stargate  
  26  2:25  Probe (Chrono Boost)  
  26  2:28  Warp Gate  
  27  2:31  Probe (Chrono Boost)  
  28  2:39  Probe (Chrono Boost)  
  28  2:43  Probe (Chrono Boost)  
  30  2:44  Adept  
  30  2:48  Probe (Chrono Boost)  
  30  2:49  Probe (Chrono Boost)  
  34  2:53  Probe (Chrono Boost)  
  34  2:57  Void Ray (Chrono Boost), Probe  
  36  3:05  Probe  
  37  3:10  Pylon  
  37  3:12  Probe  
  42  3:17  Probe  
  43  3:22  Gateway  
  43  3:24  Probe  
  44  3:29  Probe  
  45  3:36  Probe  
  46  3:41  Probe  
  46  3:43  Nexus  
  46  3:48  Pylon  
  47  3:49  Probe  
  47  3:53  Probe, Oracle (Chrono Boost)  
  49  4:02  Assimilator  
  52  4:04  Assimilator, Probe  
  52  4:05  Probe  
  54  4:16  Probe, Stargate  
  55  4:19  Probe  
  57  4:33  Shield Battery  
  57  4:38  Shield Battery  
  60  4:40  Shield Battery  
  60  4:45  Zealot x2  
  61  4:52  Pylon x2  
  37  5:01  Pylon  
  33  5:14  Probe  
  33  5:16  Stalker x2  
  28  5:40  Probe  
  28  5:41  Probe  
  28  5:42  Probe  
  25  5:52  Adept  
  26  6:07  Probe (Chrono Boost)  
  28  6:11  Probe (Chrono Boost)  
  28  6:12  Probe (Chrono Boost)  
  30  6:18  Probe (Chrono Boost)  
  30  6:20  Probe (Chrono Boost)  
  30  6:22  Probe (Chrono Boost)  
  32  6:31  Probe  
  32  6:32  Probe  
  33  6:43  Probe  
  33  6:47  Pylon  
  33  6:52  Probe  
  33  6:53  Probe  
  35  6:58  Probe  
  36  7:04  Probe (Chrono Boost)  
  36  7:05  Probe (Chrono Boost)  
  34  7:13  Probe (Chrono Boost)  
  35  7:21  Probe (Chrono Boost)  
  35  7:22  Probe (Chrono Boost)  
  38  7:23  Adept  
  38  7:26  Probe (Chrono Boost)  
  38  7:29  Probe (Chrono Boost)  
  40  7:30  Probe (Chrono Boost)  
  40  7:34  Probe  
  43  7:40  Probe  
  43  7:41  Void Ray (Chrono Boost)  
  43  7:42  Probe  
  44  7:46  Probe  
  48  7:58  Probe  
  51  8:02  Adept, Void Ray (Chrono Boost)  
  51  8:03  Shield Battery  
  52  8:13  Adept  
  47  8:31  Probe  
  42  8:34  Probe  
  42  8:37  Adept x2  
  45  8:42  Probe  
  45  8:43  Probe  
  45  8:46  Probe  
  44  8:52  Void Ray (Chrono Boost)  
  44  8:54  Probe  
  45  8:55  Probe  
  45  8:58  Probe  
  45  9:01  Pylon  
  45  9:02  Shield Battery  
  51  9:06  Probe (Chrono Boost)  
  51  9:08  Probe (Chrono Boost)  
  53  9:10  Zealot  
  53  9:11  Probe (Chrono Boost)  
  57  9:18  Probe (Chrono Boost)  
  57  9:19  Probe (Chrono Boost)  
  57  9:20  Probe (Chrono Boost)  
  57  9:23  Probe x2 (Chrono Boost)  
  59  9:27  Oracle (Chrono Boost)  
  64  9:33  Probe  
  64  9:34  Probe  
  66  9:39  Pylon  
  66  9:40  Forge  
  66  9:41  Probe  
  66  9:45  Probe  
  68  9:48  Adept  
  68  9:50  Probe  
  68  9:51  Void Ray (Chrono Boost)  
  71  9:53  Probe  
  71  9:57  Probe  
  73  10:02  Probe  
  73  10:05  Probe  
  79  10:07  Pylon  
  79  10:09  Probe  
  79  10:12  Void Ray (Chrono Boost)  
  84  10:14  Probe  
  84  10:20  Probe  
  87  10:21  Probe  
  87  10:23  Photon Cannon  
  87  10:28  Probe  
  83  10:33  Probe x2  
  83  10:34  Robotics Facility  
  85  10:38  Void Ray  
  85  10:39  Assimilator  
  85  10:40  Assimilator, Probe  
  86  10:42  Photon Cannon  
  86  10:49  Void Ray  
  88  10:50  Probe  
  88  10:52  Probe  
  92  11:04  Pylon  
  92  11:06  Photon Cannon  
  92  11:11  Adept x2  
  96  11:18  Photon Cannon  
  96  11:29  Robotics Bay  
  96  11:31  Pylon  
  96  11:34  Photon Cannon, Fleet Beacon  
Show
View Real Time Build Order
Export as new Build Order

Lambo Zerg - Winner!

Build Orders: Hatch First 

Get SALT Encoding   

  12  0:00  Drone  
  13  0:12  Overlord  
  13  0:17  Drone  
  14  0:31  Drone x2  
  16  0:48  Hatchery  
  15  0:52  Drone  
  15  0:54  Drone  
  17  0:58  Drone  
  18  1:09  Extractor  
  17  1:13  Spawning Pool  
  17  1:17  Drone  
  17  1:20  Drone  
  18  1:28  Drone  
  19  1:39  Drone  
  20  1:49  Overlord  
  20  2:00  Zergling x2  
  20  2:01  Queen x2  
  23  2:02  Zergling x2  
  26  2:12  Drone  
  26  2:13  Drone  
  28  2:23  Drone  
  28  2:25  Drone  
  30  2:38  Hatchery  
  30  2:42  Lair  
  30  2:43  Drone  
  30  2:56  Queen  
  30  2:58  Overlord  
  31  3:02  Drone  
  31  3:03  Metabolic Boost  
  31  3:06  Extractor  
  31  3:07  Drone  
  31  3:09  Drone  
  32  3:15  Drone  
  32  3:18  Overlord  
  33  3:26  Zergling x6  
  36  3:31  Zergling x6  
  39  3:38  Zergling x4  
  42  3:42  Queen, Nydus Network  
  42  3:44  Zergling x4  
  45  3:48  Overlord  
  45  3:58  Overlord  
  45  4:02  Spore Crawler x2  
  44  4:08  Zergling x4  
  44  4:09  Zergling x4  
  47  4:14  Zergling x4  
  49  4:18  Nydus Canal  
  49  4:22  Zergling x4  
  51  4:27  Overlord  
  51  4:45  Zergling x8  
  55  4:46  Zergling x4  
  54  4:56  Zergling x2  
  54  4:57  Zergling x2  
  55  5:00  Queen x2  
  55  5:07  Zergling x2  
  58  5:10  Zergling x2  
  55  5:19  Zergling x2  
  55  5:20  Zergling x2  
  49  5:28  Zergling x2  
  46  5:32  Zergling x2  
  41  5:35  Queen  
  41  5:36  Queen  
  41  5:39  Zergling x2  
  41  5:40  Zergling x2  
  39  5:57  Drone x2, Hatchery  
  39  5:59  Hydralisk Den  
  38  6:07  Drone x2  
  38  6:11  Drone  
  41  6:13  Drone  
  42  6:22  Queen  
  44  6:25  Drone x2  
  44  6:26  Zergling x6  
  44  6:29  Drone  
  44  6:32  Drone x2  
  52  6:38  Drone x2  
  52  6:39  Muscular Augments  
  52  6:46  Drone  
  51  6:48  Drone  
  51  6:57  Overlord  
  51  7:02  Overlord  
  47  7:09  Hydralisk x4  
  55  7:19  Overlord  
  55  7:21  Hydralisk x2  
  59  7:23  Hydralisk  
  59  7:25  Drone  
  62  7:31  Drone  
  62  7:32  Drone x2  
  62  7:34  Hydralisk  
  62  7:36  Drone  
  67  7:44  Drone x4  
  67  7:46  Drone  
  67  7:48  Hydralisk  
  67  7:51  Drone  
  73  7:54  Overlord  
  73  7:57  Grooved Spines  
  73  8:00  Extractor  
  73  8:01  Drone, Extractor  
  73  8:02  Drone  
  73  8:04  Drone  
  74  8:05  Drone  
  74  8:08  Zergling x2  
  74  8:09  Drone  
  74  8:11  Drone x2  
  79  8:22  Zergling x12  
  81  8:28  Hydralisk x3  
  81  8:30  Drone  
  81  8:32  Drone x2  
  86  8:36  Drone x2  
  86  8:41  Drone x2  
  85  8:45  Drone  
  85  8:47  Drone x3  
  81  8:51  Evolution Chamber  
  81  8:52  Drone x2  
  81  8:54  Drone  
  83  8:59  Drone x3  
  86  9:03  Drone x2  
  86  9:05  Drone  
  89  9:16  Drone x2, Extractor x2  
  88  9:17  Overlord  
  88  9:18  Overlord x2  
  88  9:23  Zerg Missile Weapons Level 1, Baneling Nest  
  87  9:24  Drone  
  87  9:25  Drone x2  
  90  9:36  Overlord  
  90  9:39  Hatchery  
  90  9:40  Overlord  
  89  9:46  Hydralisk x5  
  89  9:48  Hydralisk  
  89  9:49  Hydralisk  
  89  9:51  Hydralisk  
  105  9:53  Hydralisk  
  105  9:58  Hydralisk x2  
  111  10:03  Hydralisk x2  
  115  10:08  Spore Crawler  
  115  10:09  Hydralisk  
  115  10:10  Hydralisk  
  115  10:13  Drone x3  
  121  10:16  Centrifugal Hooks  
  121  10:18  Hydralisk  
  122  10:23  Zergling x8  
  122  10:27  Zergling x6  
  129  10:33  Zergling x2  
  129  10:35  Overlord  
  130  10:36  Overlord x2  
  128  10:53  Zergling x14  
  128  10:56  Hydralisk  
  137  10:57  Zergling x14  
  137  11:03  Zergling x4  
  146  11:08  Baneling x20  
  146  11:09  Baneling x2  
  146  11:10  Baneling  
  146  11:11  Zergling x2  
  146  11:12  Zergling x2  
  146  11:16  Baneling x8  
  146  11:17  Baneling  
  146  11:18  Baneling  
  148  11:21  Infestation Pit  
  148  11:22  Zergling x4  
  149  11:26  Baneling  
  149  11:27  Baneling x5  

Tags
 
Add a new tag
Caveats
  • Supply blocks, unpowered buildings, or Contaminate may cause inaccurate times.
  • Supply counts are checked every 10 seconds.